 Dungeon Crawl Stone Soup version 0.31-a0-1576-ga3383bade6 (webtiles) character file.

Game seed: 10188355214347043435

222 p00ps00p the Trooper (level 5, -12/47 HPs)
             Began as a Hill Orc Fighter on Jan 5, 2024.
             Mangled by an ogre
             ... wielding a +0 giant club
              (14 damage)
             ... on level 4 of the Dungeon.
             The game lasted 00:04:34 (2624 turns).

p00ps00p the Trooper (Hill Orc Fighter)             Turns: 2624, Time: 00:04:36

Health: -12/47     AC:  9    Str: 21    XL:     5   Next: 99%
Magic:  5/5        EV:  8    Int:  8    God:
Gold:   143        SH:  4    Dex: 10    Spells: 4/4 levels left

rFire   . . .        a - +1 war axe (heavy)
rCold   . . .        c - +0 buckler
rNeg    . . .        j - +0 chain mail
rPois   .            (no helmet)
rElec   .            (no cloak)
rCorr   .            (no gloves)
SInv    +            (no boots)
Will    .....        (no amulet) Stlth
                     h - ring of see invisible
HPRegen 0.27/turn    (no ring)
MPRegen 0.09/turn

%: no passive effects
@: no status effects
A: no striking features
a: no special abilities


You were on level 4 of the Dungeon.
You visited 1 branch of the dungeon, and saw 4 of its levels.

You collected 171 gold pieces.
You spent 28 gold pieces at shops.

Inventory:

Hand Weapons
 a - a +1 heavy war axe (weapon)
Missiles
 f - 9 poisoned darts (quivered)
Armour
 b - a +0 scale mail
 c - a +0 buckler (worn)
 j - a +0 chain mail (worn)
Jewellery
 h - a ring of see invisible (left hand)
Wands
 o - a wand of paralysis (7)
Scrolls
 n - 2 scrolls of torment
Potions
 d - a potion of might
 e - 3 potions of curing {unknown}
 g - a potion of heal wounds
 i - a potion of lignification {unknown}
 k - 2 potions of degeneration
 l - a potion of mutation {unknown}
 m - a potion of ambrosia {unknown}
 p - a potion of enlightenment {unknown}
 q - 2 potions of magic {unknown}
 s - a potion of attraction {unknown}


   Skills:
 + Level 4.9 Fighting
 + Level 4.6 Axes
 + Level 4.5 Armour
 + Level 4.5 Shields


You had 4 spell levels left.
You didn't know any spells.
Your spell library contained the following spells:

 Spells                   Type           Power      Damage    Failure   Level
 Slow                     Hex            0%         N/A       98%         1
 Confusing Touch          Hex            0%         N/A       100%        3
 Sigil of Binding         Hex            0%         N/A       100%        3
 Vampiric Draining        Necr           0%         2d6       100%        3


Dungeon Overview and Level Annotations

Branches:
Dungeon (4/15)
 Temple: D:4-7

Altars:

Shops:
D:3 *


Message History

You now have 140 gold pieces (gained 18).
You now have 143 gold pieces (gained 3).
An ogre comes into view. It is wielding a +0 giant club.
The ogre shouts!
A jackal comes into view.
The jackal moves out of view.
A jackal comes into view.
There are monsters nearby!
There are monsters nearby!
A hobgoblin comes into view.
The hobgoblin shouts!
The jackal moves out of view.
The jackal barks!
You hear an angry hiss.
You hear a bark!
Throw: 12 darts (poison)
Press: ? - help, Q - select action, (/) - cycle Shift-Dir - straight line, f - ogre
Aim: an ogre, wielding a +0 giant club (71% to hit)
You throw a poisoned dart. The poisoned dart hits the ogre.
Throw: 11 darts (poison)
Press: ? - help, Q - select action, (/) - cycle Shift-Dir - straight line, f/p - ogre
Aim: an ogre, wielding a +0 giant club (71% to hit)
You throw a poisoned dart. The poisoned dart hits the ogre.
Throw: 10 darts (poison)
Press: ? - help, Q - select action, (/) - cycle Shift-Dir - straight line, f/p - ogre
Aim: an ogre, wielding a +0 giant club (71% to hit)
You throw a poisoned dart.
The poisoned dart barely misses the ogre.
An adder comes into view.
The jackal barks!
You slash the ogre!
The ogre is heavily wounded.
A jackal comes into view.
The ogre hits you with a +0 giant club!!
Ouch! That really hurt!
You hit the ogre.
The ogre is heavily wounded.
The ogre hits you with a +0 giant club!!
* * * LOW HITPOINT WARNING * * *
A goblin comes into view. It is wielding a +0 dagger.
The ogre hits you with a +0 giant club!
You die...

.. .g ##( ##(( ####
#####.S#.....
###....h.......
##...###h#.....#
#......Og..#
######@##### #####
#.# #..(###.#
#<..#...# #
#.....### .
#....### .#
#......##########.#
#...##.......##...#
#...########.##.#.#


You could see an ogre, an adder, 2 jackals, a hobgoblin and a goblin
(wandering).

Vanquished Creatures
  A howler monkey (D:3)
  A bombardier beetle (D:3)
  Terence (D:2)
  5 adders
  4 dart slugs
  2 ribbon worms
  2 orcs (D:3)
  6 ball pythons
  7 bats
  8 endoplasms
  3 giant cockroaches
  4 goblins
  4 hobgoblins
  4 jackals (D:2)
  A quokka (D:3)
  3 frilled lizards
  5 kobolds
  6 rats
67 creatures vanquished.

Notes
Turn   | Place    | Note
-------+----------+-------------------------------------------
     0 | D:1      | p00ps00p the Hill Orc Fighter began the quest for the Orb.
     0 | D:1      | Reached XP level 1. HP: 19/19 MP: 1/1
   142 | D:1      | Reached XP level 2. HP: 27/27 MP: 2/2
   486 | D:1      | Reached XP level 3. HP: 33/33 MP: 3/3
   925 | D:2      | Noticed Terence
   929 | D:2      | Killed Terence
   930 | D:2      | Reached XP level 4. HP: 21/40 MP: 4/4
  2011 | D:3      | Found Xynkuw's Assorted Antiques.
  2015 | D:3      | Bought a scroll labelled AXEESTAWNE for 28 gold pieces
  2066 | D:3      | Reached XP level 5. HP: 46/47 MP: 5/5
  2615 | D:4      | Noticed an ogre
  2624 | D:4      | HP: 2/47 [ogre/+0 giant club (19)]
  2624 | D:4      | Mangled by an ogre

Illustrated notes

Levels and vault maps discovered:
D:1:      matt_arrival_grand_opening, layout_basic
D:2:      layout_basic, uniq_terence
D:3:      minmay_wonky_spiral, layout_basic, serial_shops, shop
D:4:      layout_rooms, makhleb_altar_promises_db, uniq_grinder

Skill      XL: |  1  2  3  4 |
---------------+-------------+-----
Axes           | 3 4 |  4.6
Fighting       | 4 |  4.9
Armour         | 4 |  4.5
Shields        | 4 |  4.5

Action                     |  1- 3 |  4- 6 || total
---------------------------+-------+-------++-------
  Melee: War axe           |    91 |    87 ||   178
  Throw: Dart              |       |     3 ||     3
    Use: Scroll            |     5 |     5 ||    10
 Armour: Scale mail        |    69 |       ||    69
         Chain mail        |       |    92 ||    92
  Dodge: Dodged            |    66 |    60 ||   126
  Block: Buckler           |    23 |    16 ||    39

Table legend: (Time is in decaauts)
 A = Elapsed time spent in this place.
 B = Non-inter-level travel time spent in this place.
 C = Inter-level travel time spent in this place.
 D = Time resting spent in this place.
 E = Time spent auto-exploring this place.
 F = Levels seen in this place.
 G = Mean time per level.
                   A        B        C        D        E       F      G
               +--------+--------+--------+--------+--------+-----+--------+
         Total |   2761 |   2640 |    121 |      0 |   2052 |   4 |  690.2 |
       Dungeon |   2761 |   2640 |    121 |      0 |   2052 |   4 |  690.2 |
               +--------+--------+--------+--------+--------+-----+--------+

Top non-repeatable levels by time:
     D:2: 1119 daAuts
     D:3: 813 daAuts
     D:1: 755 daAuts
     D:4: 73 daAuts
